 Dungeon Crawl Stone Soup version 0.20.1-1-g8b1a95d (webtiles) character file.

158 RusskiyBorsh the Ruffian (level 5, -10/50 HPs)
             Began as a Troll Fighter on Sept 23, 2017.
             Mangled by ThereIsNoGod's ghost (12 damage)
             ... on level 3 of the Dungeon.
             The game lasted 00:07:27 (1825 turns).

RusskiyBorsh the Ruffian (Troll Fighter)            Turns: 1825, Time: 00:07:27

Health: -10/50     AC:  5    Str: 25    XL:     5   Next: 16%
Magic:  4/4        EV:  9    Int:  4    God:
Gold:   76         SH:  9    Dex:  9    Spells: 4/4 levels left

rFire    . . .     SeeInvis .     - Unarmed
rCold    . . .     Gourm    +   b - +0 shield
rNeg     . . .     Faith    .   a - +0 robe
rPois    .         Spirit   .   (helmet restricted)
rElec    .         Reflect  .   (no cloak)
rCorr    .         Harm     .   (gloves unavailable)
MR       .....                  (boots unavailable)
Stlth    +.........             (no amulet)
Regen    0.6/turn               (no ring)
MPRegen  0.1/turn               (no ring)

@: no status effects
A: unfitting armour, claws 3, fast metabolism 3, gourmand, regeneration 1,
shaggy fur 1, tough skin 2
a: no special abilities


You were on level 3 of the Dungeon.
You were not hungry.

You visited 1 branch of the dungeon, and saw 3 of its levels.

You collected 76 gold pieces.

Inventory:

Armour
 a - a +0 robe (worn)
 b - a +0 shield (worn)
Scrolls
 e - a scroll of blinking {unknown}
 f - a scroll of immolation {unknown}
 g - 2 scrolls of amnesia {unknown}
 i - 4 scrolls of remove curse {unknown}
 j - a scroll of identify {unknown}
 m - a scroll of fog {unknown}
 o - a scroll of magic mapping {unknown}
Potions
 c - 2 potions of might
 h - 4 potions of curing {unknown}
 k - a potion of cancellation {unknown}
 n - a potion of resistance {unknown}
 p - 2 potions of lignification {unknown}
Comestibles
 d - 3 bread rations
 l - a royal jelly


   Skills:
 + Level 2.7 Fighting
 + Level 3.2 Dodging
 + Level 3.3 Shields
 + Level 3.5 Unarmed Combat


You had 4 spell levels left.
You didn't know any spells.

Dungeon Overview and Level Annotations

Branches:
Dungeon (3/15)

Altars:
Fedhas

Annotations:
D:3 ThereIsNoGod's ghost, amateur TrFi


Innate Abilities, Weirdness & Mutations

You are too large for most types of armour.
You have claws for hands.
Your metabolism is lightning-fast.
You like to eat raw meat.
Your natural rate of healing is unusually fast.
You are covered in fur. (AC +1)
You have very tough skin. (AC +2)


Message History

You block ThereIsNoGod's ghost's attack.
You scratch ThereIsNoGod's ghost.
ThereIsNoGod's ghost is heavily damaged.
The leopard gecko bites you. ThereIsNoGod's ghost hits you!
The leopard gecko hisses menacingly.
You block the leopard gecko's attack.
You barely miss ThereIsNoGod's ghost.
ThereIsNoGod's ghost is heavily damaged.
ThereIsNoGod's ghost hits you!
* * * LOW HITPOINT WARNING * * *
You block the leopard gecko's attack.
You scratch ThereIsNoGod's ghost but do no damage.
ThereIsNoGod's ghost is heavily damaged.
ThereIsNoGod's ghost hits you!
* * * LOW HITPOINT WARNING * * *
You block the leopard gecko's attack.
You claw ThereIsNoGod's ghost!
ThereIsNoGod's ghost is severely damaged.
ThereIsNoGod's ghost hits you!
You die...

#.# #.....# #.##........... #.#
#.....# #.##..#.###### #.#
#.....# #.##..#....# #.# #.....#
#.##..####.#### ..# #.....#
#.###.#.......# ..# #.....# #.#
#.#.....#.# ..# #.....#
#.###..######.#
..#######.#########.............#
................@W...............
.########.####.l##.####..#####..#
.########.# ##.# .# #..#
.'........# #..# .# #...
.########## ..... .# #... .#
...... .. #.#. .# ....>... . #.#.
## #....... #.#. #.#.


You could see ThereIsNoGod's ghost and a leopard gecko.

Vanquished Creatures
  Natasha (thrice) (D:2)
  2 adders (D:2)
  An ooze (D:2)
  A worm (D:2)
  2 dart slugs (D:1)
  2 leopard geckos (D:1)
  An orc (D:3)
  A giant cockroach (D:2)
  6 goblins
  7 hobgoblins
  6 jackals (D:2)
  5 kobolds
  2 quokkas (D:2)
  2 ball pythons
  5 bats
  4 frilled lizards
  3 rats
53 creatures vanquished.

Notes
Turn   | Place    | Note
-------+----------+-------------------------------------------
     0 | D:1      | RusskiyBorsh the Troll Fighter began the quest for the Orb.
     0 | D:1      | Reached XP level 1. HP: 22/22 MP: 0/0
   111 | D:1      | Reached XP level 2. HP: 29/29 MP: 1/1
   866 | D:2      | Reached XP level 3. HP: 36/36 MP: 2/2
  1080 | D:2      | Reached XP level 4. HP: 40/44 MP: 3/3
  1254 | D:2      | Noticed Natasha
  1266 | D:2      | Killed Natasha
  1319 | D:2      | Noticed Natasha
  1326 | D:2      | Killed Natasha
  1473 | D:2      | Noticed Natasha
  1478 | D:2      | Killed Natasha
  1478 | D:2      | Reached XP level 5. HP: 49/50 MP: 4/4
  1507 | D:2      | Found a blossoming altar of Fedhas.
  1810 | D:3      | Noticed ThereIsNoGod's ghost (amateur TrFi)
  1824 | D:3      | HP: 2/50 [ThereIsNoGod's ghost (9)]
  1825 | D:3      | Mangled by ThereIsNoGod's ghost

Skill      XL: |  1  2  3  4 |
---------------+-------------+-----
Shields        | 3 |  3.3
Dodging        | 3 |  3.2
Unarmed Combat | 3 |  3.5
Fighting       | |  2.7

Action                   |  1- 3 |  4- 6 || total
-------------------------+-------+-------++-------
Melee: Unarmed           |   109 |    72 ||   181
  Eat: Chunk             |    10 |     4 ||    14
       Royal jelly       |     1 |       ||     1
Armor: Robe              |    30 |    12 ||    42
Dodge: Dodged            |    46 |    18 ||    64
Block: Shield            |    47 |    28 ||    75
